 Dungeon Crawl Stone Soup version 0.29.1-15-g9cfb28693d (webtiles) character file.

Game seed: 17123432089483050104

1565 Upac00 the Shield-Bearer (level 8, -5/78 HPs)
             Began as a Troll Fighter on Nov 13, 2022.
             Slain by a gnoll
             ... wielding a +0 halberd
             ... led by a gnoll bouda
              (9 damage)
             ... on level 7 of the Dungeon on Feb 22, 2023.
             The game lasted 00:38:09 (5440 turns).

Upac00 the Shield-Bearer (Troll Fighter)            Turns: 5440, Time: 00:38:10

Health: -5/78      AC: 13    Str: 27    XL:     8   Next: 59%
Magic:  7/7        EV:  6    Int:  4    God:
Gold:   338        SH:  8    Dex:  9    Spells: 7/7 levels left

rFire   . . .      SeeInvis .   j - +4 trident
rCold   . . .      Faith    .   b - +0 kite shield
rNeg    . . .      Spirit   .   h - +0 storm dragon scales
rPois   .          Reflect  .   (helmet restricted)
rElec   +          Harm     .   (no cloak)
rCorr   .          Rampage  .   (gloves unavailable)
Will    .....                   (boots unavailable)
Stlth   ..........              (no amulet)
HPRegen 1.03/turn               (no ring)
MPRegen 0.10/turn               (no ring)

@: no status effects
A: large, unfitting armour, claws 3, regeneration 1, shaggy fur 1, tough skin 1
a: no special abilities


You were on level 7 of the Dungeon.
You visited 1 branch of the dungeon, and saw 7 of its levels.

You collected 338 gold pieces.

Inventory:

Hand Weapons
 i - a +4 quarterstaff of chaos
 j - a +4 trident (weapon)
 o - a +3 short sword
Missiles
 d - 15 stones
Armour
 b - a +0 kite shield (worn)
 h - +0 storm dragon scales (worn)
 k - a +0 cloak
Magical Staves
 e - a staff of fire
Jewellery
 m - a ring of resist corrosion
 w - an amulet of guardian spirit
Wands
 a - a wand of flame (16) (quivered)
 v - a wand of polymorph (10)
Scrolls
 c - 2 scrolls of teleportation {unknown}
 q - a scroll of torment {unknown}
 r - a scroll of fear {unknown}
 s - a scroll of noise
 t - a scroll of vulnerability {unknown}
 u - 3 scrolls of identify
Potions
 f - a potion of brilliance {unknown}
 g - a potion of curing
 l - 2 potions of haste {unknown}
 n - a potion of mutation {unknown}
 p - 2 potions of might


   Skills:
 + Level 4.2 Fighting
 + Level 1.1 Maces & Flails
 + Level 4.6 Polearms
 + Level 3.3 Armour
 + Level 4.1 Dodging
 + Level 1.0 Stealth
 + Level 4.6 Shields
 + Level 2.6 Unarmed Combat
 + Level 0.7 Evocations


You had 7 spell levels left.
You didn't know any spells.
Your spell library was empty.

Dungeon Overview and Level Annotations

Branches:
Dungeon (7/15)             Temple (0/1) D:6

Altars:
Fedhas
Okawaru
Trog
Xom
Yredelemnul


Innate Abilities, Weirdness & Mutations

You are too large for most types of armour.
You have claws for hands.
Your natural rate of healing is unusually fast.
You are covered in fur. (AC +1)
You have tough skin. (AC +1)


Message History

The gnoll hits you from afar with a +0 halberd. x2
You barely miss the gnoll bouda.
The gnoll bouda is severely wounded.
The gnoll bouda hits you but does no damage.
The gnoll hits you from afar with a +0 halberd.
The gnoll barely misses you.
You puncture the gnoll bouda!
You kill the gnoll bouda!
You block the gnoll's attack.
The gnoll hits you from afar with a +0 halberd.
The gnoll hits you with a +0 halberd. The gnoll barely misses you.
Things that are here:
a +0 club; a +0 robe; a gnoll corpse The gnoll attacks as you move away!
You block the gnoll's attack. The gnoll attacks as you move away!
The gnoll hits you with a +0 halberd.
The gnoll hits you from afar with a +0 halberd!
* * * LOW HITPOINT WARNING * * *
The gnoll barely misses you. The gnoll closely misses you. x2
Things that are here:
a +0 club; a +0 robe; a gnoll corpse You puncture the gnoll!
The gnoll is heavily wounded.
The gnoll is no longer moving quickly.
The gnoll completely misses you. The gnoll hits you with a +0 halberd.
* * * LOW HITPOINT WARNING * * *
You closely miss the gnoll.
The gnoll is heavily wounded.
You block the gnoll's attack. The gnoll hits you with a +0 halberd.
* * * LOW HITPOINT WARNING * * *
You barely miss the gnoll.
The gnoll is heavily wounded.
You block the gnoll's attack. The gnoll hits you with a +0 halberd!
* * * LOW HITPOINT WARNING * * *
The gnoll attacks as you move away! The gnoll hits you with a +0 halberd.
* * * LOW HITPOINT WARNING * * *
The gnoll attacks as you move away! You block the gnoll's attack.
The gnoll hits you but does no damage.
The gnoll hits you from afar with a +0 halberd!
You die...

### ##.## ##...##
####### #.....#
#..<..######...##
#.#.#.#.......g#########
#...........#.g)@......#
#.#.#.#.......########.#
#.....#######)# ###.###
... #.# ..... #.#
....... .........
+.........+ #.........#


You could see 2 gnolls.

Vanquished Creatures
  A human (D:3)
  Duvessa (D:4)
  A black bear (D:6)
  An ice beast (D:6)
  A phantom (D:5)
  A kobold brigand (D:6)
  A bullfrog (D:6)
  2 scorpions
  Dowan (D:4)
  A howler monkey (D:6)
  6 hounds
  3 jellies
  Crazy Yiuf (D:3)
  A gnoll bouda (D:7)
  Natasha (thrice) (D:2)
  4 orc wizards
  4 gnolls
  5 adders
  A shadow imp (D:5)
  2 white imps (D:6)
  An ufetubus (D:6)
  3 dart slugs
  A worm (D:3)
  11 orcs
  9 endoplasms
  7 giant cockroaches
  6 goblins
  7 hobgoblins
  7 jackals
  10 kobolds
  6 quokkas
  6 ball pythons
  6 bats
  2 frilled lizards (D:1)
  A kobold zombie (D:3)
  4 rats
128 creatures vanquished.

Vanquished Creatures (others)
  3 plants (D:2)
3 creatures vanquished.

Grand Total: 131 creatures vanquished

Notes
Turn   | Place    | Note
-------+----------+-------------------------------------------
     0 | D:1      | Upac00 the Troll Fighter began the quest for the Orb.
     0 | D:1      | Reached XP level 1. HP: 22/22 MP: 0/0
   163 | D:1      | Reached XP level 2. HP: 29/29 MP: 1/1
   556 | D:1      | Found a faded altar of an unknown god.
   792 | D:1      | Reached XP level 3. HP: 36/36 MP: 2/2
  1638 | D:2      | Noticed Natasha
  1697 | D:2      | Killed Natasha
  1698 | D:2      | Reached XP level 4. HP: 20/44 MP: 3/3
  1978 | D:2      | Noticed Natasha
  1987 | D:2      | Killed Natasha
  2035 | D:2      | Noticed Natasha
  2041 | D:2      | Killed Natasha
  2042 | D:2      | Reached skill level 1 in Maces & Flails
  2042 | D:2      | Reached XP level 5. HP: 7/52 MP: 4/4
  2181 | D:3      | Found a runed translucent door.
  2181 | D:3      | Noticed a human
  2186 | D:3      | Found a basalt altar of Yredelemnul.
  2203 | D:3      | Killed a human
  2204 | D:3      | Reached skill level 1 in Polearms
  2204 | D:3      | Reached XP level 6. HP: 61/61 MP: 5/5
  2437 | D:3      | Found a runed translucent door.
  2438 | D:3      | Noticed Crazy Yiuf
  2449 | D:3      | Killed Crazy Yiuf
  2664 | D:4      | Noticed Duvessa
  2664 | D:4      | Noticed Dowan
  2687 | D:4      | Killed Duvessa
  2720 | D:4      | Killed Dowan
  2776 | D:4      | Reached skill level 1 in Armour
  2776 | D:4      | Reached XP level 7. HP: 61/67 MP: 6/6
  3149 | D:3      | Found a shimmering altar of Xom.
  3181 | D:3      | Found a blossoming altar of Fedhas.
  3865 | D:5      | Entered Level 5 of the Dungeon
  3957 | D:5      | Upgraded the game from 0.29.1-2-gbd0b4ee654 to
                  | 0.29.1-15-g9cfb28693d
  3984 | D:5      | Found an iron altar of Okawaru.
  4025 | D:5      | Reached skill level 1 in Stealth
  4050 | D:5      | Found a bloodstained altar of Trog.
  4785 | D:6      | Reached XP level 8. HP: 69/70 MP: 7/7
  4957 | D:6      | Found a staircase to the Ecumenical Temple.
  5440 | D:7      | HP: 3/78 [gnoll/+0 halberd[a gnoll bouda] (1)]
  5440 | D:7      | Slain by a gnoll

Illustrated notes

Levels and vault maps discovered:
D:1:      dpeg_arrival_round_a, layout_basic,
          hellmonk_ecumenical_altar_leap_of_faith,
          nicolae_concentric_dashed_squares_mild, hangedman_decor_growths
D:2:      layout_basic, serial_bayou_pond_d, uniq_natasha
D:3:      kb_forest_paths, layout_rooms, lemuel_doored_altar,
          dk_yredelemnul_ordeal, mainiacjoe_overflow_boulevard,
          minmay_starry_boxes, uniq_crazy_yiuf_cottage
D:4:      layout_basic, uniq_duvessa
D:5:      layout_rooms, lemuel_blue_sif_altar, mainiacjoe_overflow_alcove_4,
          mainiacjoe_overflow_alcove_2, okawaru_gym_becter,
          hangedman_abyss_or_decor_lesser_grid
D:6:      minmay_general_purpose_star, layout_basic, minmay_temple_entry_tees
D:7:      layout_loops_corners, mainiacjoe_overflow_brackets,
          uniq_prince_ribbit1

Skill      XL: |  1  2  3  4  5  6  7  8 |
---------------+-------------------------+-----
Shields        | 3 4 |  4.6
Dodging        | 3 4 |  4.1
Maces & Flails | 1 |  1.1
Fighting       | 3 4 |  4.2
Polearms       | 1 2 3 4 |  4.6
Armour         | 1 2 3 |  3.3
Stealth        | 1 |  1.0
Unarmed Combat | |  2.6
Evocations     | |  0.7

Action                   |  1- 3 |  4- 6 |  7- 9 || total
-------------------------+-------+-------+-------++-------
Melee: Unarmed           |    51 |       |       ||    51
       Mace              |    18 |       |       ||    18
       Trident           |    10 |   141 |   207 ||   358
Throw: Stone             |     2 |       |       ||     2
Evoke: Wand              |       |       |     7 ||     7
  Use: Scroll            |     2 |     4 |     3 ||     9
       Potion            |     5 |     1 |       ||     6
Armor: Robe              |    49 |    38 |       ||    87
       Storm dragon scal |       |    52 |   171 ||   223
Dodge: Dodged            |    48 |    50 |    78 ||   176
Block: Kite shield       |    41 |    73 |   120 ||   234
